 Dungeon Crawl Stone Soup version 0.29-a0-92-gee772dd00f (webtiles) character file.

Game seed: 7720672368633694578

63 enile the Ogre Mage (level 4, -9/45 HPs)
             Began as an Ogre Fire Elementalist on Feb 10, 2022.
             Was a Believer of Qazlal.
             Killed by an exploding gnoll (42 damage)
             ... ignited by their inner flame
             ... on level 2 of the Dungeon.
             The game lasted 00:03:08 (2122 turns).

enile the Ogre Mage (Ogre Fire Elementalist)        Turns: 2122, Time: 00:03:08

Health: -9/45      AC:  3    Str: 12    XL:     4   Next: 10%
Magic:  1/10       EV:  9    Int: 18    God:    Qazlal [**....]
Gold:   61         SH:  2    Dex:  9    Spells: 5/11 levels left

rFire   . . .      SeeInvis .   c - +2 short sword (flame)
rCold   . . .      Faith    .   (no shield)
rNeg    . . .      Spirit   .   a - +0 robe
rPois   .          Reflect  .   (helmet restricted)
rElec   .          Harm     .   (no cloak)
rCorr   .          Rampage  .   (gloves unavailable)
Will    .....                   (boots unavailable)
Stlth   +.........              (no amulet)
HPRegen 0.15/turn               (no ring)
MPRegen 0.12/turn               (no ring)

@: very slightly contaminated
A: large, unfitting armour, tough skin 1
a: Renounce Religion, Upheaval


You were on level 2 of the Dungeon.
You worshipped Qazlal.
Qazlal was pleased with you.
You visited 1 branch of the dungeon, and saw 2 of its levels.

You collected 61 gold pieces.

Inventory:

Hand Weapons
 c - a +2 short sword of flaming (weapon)
Missiles
 d - 3 poisoned darts
Armour
 a - a +0 robe (worn)
Scrolls
 b - a scroll of identify {unknown}
 g - a scroll of amnesia {unknown}
 h - a scroll of blinking {unknown}
 i - a scroll of noise {unknown}
Potions
 e - a potion of might {unknown}
 f - a potion of berserk rage {unknown}


   Skills:
 - Level 3.0 Fighting
 - Level 1.7 Dodging
 - Level 1.4 Stealth
 - Level 4.0 Spellcasting
 - Level 0.8 Conjurations
 + Level 2.7 Fire Magic


You had 5 spell levels left.
You knew the following spells:

 Your Spells              Type           Power      Damage    Failure   Level
a - Foxfire               Conj/Fire      40%        2x1d6     7%          1
b - Scorch                Fire           26%        2d6       8%          2
c - Inner Flame           Hex/Fire       8%         N/A       26%         3

Your spell library contained the following spells:

 Spells                   Type           Power      Damage    Failure   Level
 Conjure Flame            Conj/Fire      10%        6-21      22%         3
 Flame Wave               Conj/Fire      10%        2d5       56%         4


Dungeon Overview and Level Annotations

Branches:
Dungeon (2/15)

Altars:
Qazlal


Innate Abilities, Weirdness & Mutations

You are too large for most types of armour.
You have tough skin. (AC +1)


Message History

Aiming: Inner Flame (quite dangerous; 26% risk of failure)
Press: ? - help, Dir - move target, f/p - gnoll
Aim: a gnoll, wielding a +0 spear and wearing a +4 ring of evasion (chance to affect: 64%)
You miscast Inner Flame.
You are very lightly contaminated with residual magic.
Nothing appears to happen.
You block the gnoll's attack.
Casting: Inner Flame (quite dangerous; 26% risk of failure)
Confirm with . or Enter, or press ? or * to list all spells.
Aiming: Inner Flame (quite dangerous; 26% risk of failure)
Press: ? - help, Dir - move target, f/p - gnoll
Aim: a gnoll, wielding a +0 spear and wearing a +4 ring of evasion (chance to affect: 64%)
The gnoll is filled with an inner flame.
The gnoll hits you from afar with a +0 spear.
Casting: Inner Flame (quite dangerous; 26% risk of failure)
Confirm with . or Enter, or press ? or * to list all spells.
You don't have enough magic to cast this spell.
Casting: Inner Flame (quite dangerous; 26% risk of failure)
Confirm with . or Enter, or press ? or * to list all spells.
You don't have enough magic to cast this spell.
Casting: Inner Flame (quite dangerous; 26% risk of failure)
Confirm with . or Enter, or press ? or * to list all spells.
You don't have enough magic to cast this spell.
Unknown command.
The gnoll barely misses you.
Things that are here:
a +0 spear; a gnoll skeleton You closely miss the gnoll.
The gnoll barely misses you.
You closely miss the gnoll. The gnoll hits you with a +0 spear.
You barely miss the gnoll. You block the gnoll's attack.
The gnoll hits you with a +0 spear!
You hit the gnoll but do no damage. The gnoll closely misses you.
You hit the gnoll.
Flame seeps out of the gnoll.
You burn the gnoll.
Flame seeps out of the gnoll.
The gnoll is heavily wounded.
The gnoll is engulfed in blazing flames.
Qazlal accepts your kill.
The gnoll explodes!
The fiery explosion engulfs you!!!
Ouch! That really hurt!
You die...

.###....##.....#### .
#####...g#.....####
............†..........
.###....###.###....##
.....#.....# ###.#
##.###....### # #.
##.#.§§# # ##..###○#
##.##hh## #@# #...h.##
#<#######. ......####
#......... ....#
#######... ... .


There were no monsters in sight!

Vanquished Creatures
  An adder (D:1)
  4 gnolls (D:2)
  2 endoplasms (D:1)
  A goblin (D:1)
  2 hobgoblins (D:1)
  3 jackals (D:2)
  3 kobolds (D:1)
  3 ball pythons
  4 bats
  3 frilled lizards (D:1)
  2 rats (D:1)
28 creatures vanquished.

Vanquished Creatures (others)
  92 foxfires
92 creatures vanquished.

Grand Total: 120 creatures vanquished

Notes
Turn   | Place    | Note
-------+----------+-------------------------------------------
     0 | D:1      | enile the Ogre Fire Elementalist began the quest for the
                  | Orb.
     0 | D:1      | Reached XP level 1. HP: 16/16 MP: 3/3
   121 | D:1      | Reached skill level 1 in Fighting
   434 | D:1      | Reached XP level 2. HP: 28/28 MP: 3/5
   485 | D:1      | Found a faded altar of an unknown god.
   546 | D:1      | Prayed at the altar of an unknown god.
   546 | D:1      | Became a worshipper of Qazlal Stormbringer
   546 | D:1      | Reached * piety under Qazlal
  1174 | D:1      | Learned a level 2 spell: Scorch
  1553 | D:2      | Reached skill level 3 in Spellcasting
  1553 | D:2      | Reached XP level 3. HP: 30/37 MP: 1/7
  1921 | D:1      | Reached ** piety under Qazlal
  1922 | D:1      | Reached skill level 4 in Spellcasting
  1922 | D:1      | Reached XP level 4. HP: 23/45 MP: 0/10
  1926 | D:1      | Learned a level 3 spell: Inner Flame
  2122 | D:2      | Killed by an exploding gnoll... ignited by their inner
                  | flame

Illustrated notes

Levels and vault maps discovered:
D:1:      sevenhm_arrival_forest_fort_large_2, layout_basic,
          hellmonk_ecumenical_altar_crossroads
D:2:      layout_rooms, minmay_cut_off

Skill      XL: |  1  2  3 |
---------------+----------+-----
Fighting       | 2 3 |  3.0
Spellcasting   | 3 4 |  4.0
Dodging        | |  1.7
Stealth        | |  1.4
Conjurations   | |  0.8
Fire Magic     | |  2.7

Action                   |  1- 3 |  4- 6 || total
-------------------------+-------+-------++-------
Melee: Short sword       |    11 |     5 ||    16
 Cast: Foxfire           |    56 |       ||    56
       Scorch            |    10 |       ||    10
       Inner Flame       |       |     3 ||     3
Armor: Robe              |    13 |     1 ||    14
Dodge: Dodged            |    22 |     4 ||    26
Block: Other             |     3 |     3 ||     6

Table legend: (Time is in decaauts)
 A = Elapsed time spent in this place.
 B = Non-inter-level travel time spent in this place.
 C = Inter-level travel time spent in this place.
 D = Time resting spent in this place.
 E = Time spent auto-exploring this place.
 F = Levels seen in this place.
 G = Mean time per level.
                   A        B        C        D        E       F      G
               +--------+--------+--------+--------+--------+-----+--------+
         Total |   2125 |   2018 |    107 |    172 |   1585 |   2 | 1062.5 |
       Dungeon |   2125 |   2018 |    107 |    172 |   1585 |   2 | 1062.5 |
               +--------+--------+--------+--------+--------+-----+--------+

Top non-repeatable levels by time:
     D:1: 1773 daAuts
     D:2: 352 daAuts
